 Dungeon Sprint DCSS version 0.27.1-1-g398f81649c (webtiles) character file.

Game seed: 9736171439013488295

11728 styxcanada the Imperceptible (level 11, -14/58 HPs)
             Began as a Spriggan Brigand on Sept 6, 2021.
             Was an Initiate of Gozag.
             Demolished by a spriggan berserker (36 damage)
             ... in the Dungeon (Sprint IV: "Fedhas' Mad Dash").
             The game lasted 00:14:09 (1506 turns).

styxcanada the Imperceptible (Spriggan Brigand)     Turns: 1506, Time: 00:14:09

Health: -14/58     AC:  7    Str:  7    XL:     11   Next: 53%
Magic:  16/16      EV: 31    Int: 13    God:    Gozag
Gold:   333        SH:  7    Dex: 28    Spells: 10/15 levels left

rFire    . . .     SeeInvis +   v - +10 rapier "Qarchefu" {flame, *Slow rC+ rN+ Dex+8}
rCold    + . .     Faith    .   w - +0 buckler
rNeg     + . .     Spirit   .   b - +0 robe
rPois    .         Reflect  .   (helmet restricted)
rElec    .         Harm     .   c - +0 cloak
rCorr    .         Rampage  .   (gloves unavailable)
Will     +....     NoTele   +   (boots unavailable)
Stlth    ++++++++++             m - amulet of invisibility {+Inv}
HPRegen  0.19/turn              t - +4 ring of protection
MPRegen  0.15/turn              (no ring)

@: very slightly contaminated, invisible, very quick
A: very small, no large weapons, unfitting armour, see invisible, speed 3
a: Renounce Religion, Evoke Invisibility, Potion Petition, Call Merchant, Bribe
Branch


You were in the Dungeon.
You worshipped Gozag.
Gozag was aware of your devotion.
You visited 1 branch You collected 2239 gold pieces.
You spent 1906 gold pieces at shops.

Inventory:

Hand Weapons
 a - a +2 dagger
 o - a +1 rapier of electrocution
 v - the +10 rapier "Qarchefu" (weapon) {flame, *Slow rC+ rN+ Dex+8}
   (You acquired it in the Dungeon)

   It burns those it strikes, dealing additional fire damage.
   Dex:       It affects your dexterity (+8).
   rC:        It protects you from cold.
   rN:        It protects you from negative energy.
   *Slow:     It may slow you when you take damage.
 y - a +5 quick blade
Missiles
 d - 7 poisoned darts
 e - 2 curare-tipped darts (quivered)
 n - 27 stones
 u - 7 boomerangs
Armour
 b - a +0 robe (worn)
 c - a +0 cloak (worn)
 s - a scarf of invisibility
 w - a +0 buckler (worn)
Jewellery
 m - the amulet of invisibility (around neck) {+Inv}
   (You found it in the Dungeon)

   [amulet of nothing]

   +Inv:      It lets you turn invisible.
 t - a +4 ring of protection (left hand)
Scrolls
 k - a scroll of blinking
 l - a scroll of torment
 p - 2 scrolls of identify
 q - a scroll of summoning
 x - a scroll of immolation
Potions
 f - 5 potions of curing
 g - 2 potions of heal wounds
 h - a potion of haste
 i - 2 potions of magic
 j - a potion of berserk rage
 r - 2 potions of might
 z - a potion of cancellation


   Skills:
 + Level 7.4 Fighting
 + Level 5.1 Short Blades
 + Level 0.8(4.8) Slings
 + Level 6.3 Throwing
 * Level 11.6 Dodging
 + Level 25.7 Stealth
 * Level 0.8 Shields
 * Level 2.7 Spellcasting
 * Level 1.5 Conjurations
 * Level 1.8 Fire Magic
 * Level 1.9 Air Magic
 * Level 2.2 Poison Magic
 * Level 10.4 Evocations


You had 10 spell levels left.
You knew the following spells:

 Your Spells              Type           Power      Damage    Failure   Level
a - Mephitic Cloud        Conj/Pois/Air  6%         N/A       45%         3
b - Magic Dart            Conj           20%        1d4       19%         1
c - Foxfire               Conj/Fire      24%        2x1d5     19%         1

Your spell library contained the following spells:

 Spells                   Type           Power      Damage    Failure   Level
 Conjure Flame            Conj/Fire      6%         6-21      47%         3
 Call Imp                 Summ           1%         N/A       50%         2
 Inner Flame              Hex/Fire       4%         N/A       58%         3


Dungeon Overview and Level Annotations

Branches:
Dungeon (1/1)

Altars:
Cheibriados
Dithmenos
Elyvilon
Gozag
Hepliaklqana
Kikubaaqudgha
Makhleb
Nemelex Xobeh
Okawaru
Qazlal
Ru
Sif Muna
Trog
Uskayaw
Vehumet
Wu Jian
Xom
Yredelemnul
Zin
The Shining One
Beogh
Jiyva
Lugonu

Shops:
D (?!:!?*?

Annotations:
D Agnes


Innate Abilities, Weirdness & Mutations

You are very small and have problems with some larger weapons.
You are too small for most types of armour.
You have supernaturally acute eyesight. (SInv)
You cover ground extremely quickly. (Speed+++)


Message History

You fade into invisibility!
You are very lightly contaminated with residual magic.
You open the door.
Agnes the Wanderer comes into view.
She is wielding a +3 spectral lajatang.
There is an open door here.
A spriggan berserker comes into view. It is wielding a +0 hand axe.
Found Xolujaho's Distillery.
Found Tidiuptu's Book Shoppe.
Agnes shouts!
Agnes says, "You dishonour your ancestors."
You closely miss Agnes. You block Agnes's attack.
Agnes hits you with a +3 spectral lajatang!!
You hit Agnes. You burn Agnes.
Agnes is lightly wounded.
Agnes hits you with a +3 spectral lajatang!
Agnes misses you.
You block the spriggan berserker's attack.
You hit the spriggan berserker but do no damage.
You block Agnes's attack. x2
The spriggan berserker completely misses you.
You puncture the spriggan berserker! You burn the spriggan berserker.
The spriggan berserker is moderately wounded.
Agnes completely misses you. Agnes closely misses you.
The spriggan berserker mumbles some strange prayers to Trog.
The spriggan berserker goes berserk!
Agnes completely misses you.
The spriggan berserker barely misses you.
You hear a shout! x2
Agnes says, "I despise a dishonourable opponent."
The spriggan berserker completely misses you.
The spriggan berserker barely misses you.
There is an open door here.
The spriggan berserker closely misses you.
The spriggan berserker rages.
There is an open door here.
You hear a shout!
The spriggan berserker hits you with a +0 hand axe!!!
Ouch! That really hurt!
You die...
Your body crumbles into a pile of gold.

...#.⌠._._._._.⌠.#.)'.[.#....##∩#
...'.._._._._._..'..#.!.#....'."#
...#..._._._._...#..###'##...##∩#
#'##.._._._._._..#..##∩∩.'...####
...#._._._._._.⌠.################
...###################......###..
####♣♣♣♣♣..♣.###.'..'.......'.'..
.)'......♣..♣##.i#..#.P.....#####
..#♣..♣♣♣.♣).###@##'##.P....#
..#.♣♣..♣...♣'...#♣i♣########
##################.....# #
###.i♣..♣....# ####...♣......♣..
.........♣.....∩.∩
..################


You could see a spriggan berserker (berserk).

Vanquished Creatures
  A spriggan druid (D)
  6 oklob plants (D)
  A demonic crawler (D)
  3 burning bushes (D)
  A queen bee (D)
  3 wandering mushrooms (D)
  A hornet (D)
  3 scorpions (D)
  4 killer bees (D)
  5 oklob saplings (D)
  5 spriggans (D)
  A river rat (D)
  A rat (D)
  A ballistomycete spore (D)
36 creatures vanquished.

Notes
Turn   | Place    | Note
-------+----------+-------------------------------------------
     0 | D        | styxcanada the Spriggan Brigand began the quest for the
                  | Orb.
     0 | D        | Reached XP level 1. HP: 10/10 MP: 2/2
     9 | D        | Reached skill level 8 in Stealth
     9 | D        | Reached XP level 2. HP: 15/15 MP: 3/3
    15 | D        | Noticed an oklob sapling
    17 | D        | Killed an oklob sapling
    18 | D        | Reached skill level 10 in Stealth
    18 | D        | Reached XP level 3. HP: 18/18 MP: 4/4
    19 | D        | Noticed a scorpion
    19 | D        | Found the amulet of invisibility {+Inv}
    21 | D        | Killed a scorpion
    22 | D        | Reached skill level 12 in Stealth
    22 | D        | Reached XP level 4. HP: 23/23 MP: 5/5
    48 | D        | Found an opulent altar of Gozag.
    48 | D        | Found a hazy altar of Hepliaklqana.
    48 | D        | Found a burning altar of Makhleb.
    48 | D        | Found a sparkling altar of Nemelex Xobeh.
    48 | D        | Found a snail-covered altar of Cheibriados.
    48 | D        | Found a sacrificial altar of Ru.
    48 | D        | Found a shimmering blue altar of Sif Muna.
    48 | D        | Found a shimmering altar of Xom.
    48 | D        | Found a basalt altar of Yredelemnul.
    49 | D        | Found a viscous altar of Jiyva.
    49 | D        | Found a bloodstained altar of Trog.
    49 | D        | Found an ornate altar of the Wu Jian Council.
    50 | D        | Found an iron altar of Okawaru.
    50 | D        | Found a shadowy altar of Dithmenos.
    50 | D        | Found a glowing silver altar of Zin.
    51 | D        | Found an ancient bone altar of Kikubaaqudgha.
    51 | D        | Found a hide-covered altar of Uskayaw.
    52 | D        | Found a stormy altar of Qazlal.
    52 | D        | Found a white marble altar of Elyvilon.
    52 | D        | Found a glowing golden altar of the Shining One.
    53 | D        | Became a worshipper of Gozag Ym Sagoz the Greedy
    54 | D        | Found a corrupted altar of Lugonu.
    54 | D        | Found a radiant altar of Vehumet.
    67 | D        | Reached skill level 13 in Stealth
    67 | D        | Reached XP level 5. HP: 28/28 MP: 4/6
    79 | D        | Reached skill level 14 in Stealth
   205 | D        | Reached skill level 5 in Dodging
   205 | D        | Reached skill level 15 in Stealth
   206 | D        | Reached skill level 16 in Stealth
   206 | D        | Reached skill level 1 in Evocations
   206 | D        | Reached XP level 6. HP: 32/32 MP: 4/7
   599 | D        | Found Lerotud's Magic Scroll Shop.
   600 | D        | Found Boid's Antique Weapon Emporium.
   606 | D        | Bought a scroll of identify for 22 gold pieces
   606 | D        | Bought a scroll of identify for 22 gold pieces
   606 | D        | Bought a scroll of summoning for 104 gold pieces
   757 | D        | Noticed a burning bush
   757 | D        | Noticed a wandering mushroom
   758 | D        | Noticed a wandering mushroom
   761 | D        | Killed a burning bush
   762 | D        | Reached skill level 18 in Stealth
   762 | D        | Killed a wandering mushroom
   763 | D        | Reached skill level 19 in Stealth
   763 | D        | Reached XP level 7. HP: 38/38 MP: 5/8
   763 | D        | Killed a wandering mushroom
   764 | D        | Reached skill level 20 in Stealth
   766 | D        | Reached skill level 5 in Fighting
   766 | D        | Reached XP level 8. HP: 43/43 MP: 5/9
   780 | D        | Found Kithroac's Magic Scroll Emporium.
   780 | D        | Found Juegas's Distillery.
   786 | D        | Bought a potion of might for 56 gold pieces
   786 | D        | Bought a potion of might for 56 gold pieces
   786 | D        | Bought a potion of degeneration for 14 gold pieces
   786 | D        | Bought a potion of heal wounds for 70 gold pieces
   788 | D        | Bought a scroll of identify for 26 gold pieces
   788 | D        | Bought a scroll of identify for 26 gold pieces
   847 | D        | Noticed a queen bee
   854 | D        | Killed a queen bee
   855 | D        | Reached skill level 5 in Throwing
   856 | D        | Reached skill level 5 in Evocations
   859 | D        | Reached skill level 21 in Stealth
   921 | D        | Noticed an oklob plant
   924 | D        | Killed an oklob plant
   937 | D        | Noticed a burning bush
   940 | D        | Killed a burning bush
   941 | D        | Reached skill level 22 in Stealth
   941 | D        | Reached XP level 9. HP: 48/48 MP: 8/10
   980 | D        | Noticed a burning bush
   980 | D        | Noticed an oklob plant
   981 | D        | Noticed a wandering mushroom
   982 | D        | Killed a burning bush
   987 | D        | Killed an oklob plant
   988 | D        | Reached skill level 10 in Dodging
   988 | D        | Reached skill level 23 in Stealth
   991 | D        | Killed a wandering mushroom
  1066 | D        | Noticed a spriggan druid
  1068 | D        | Killed a spriggan druid
  1069 | D        | Reached skill level 24 in Stealth
  1214 | D        | Noticed an oklob plant conjurer
  1215 | D        | Killed an oklob plant conjurer
  1309 | D        | Noticed an oklob plant
  1309 | D        | Noticed an oklob plant summoner
  1310 | D        | Noticed an oklob plant shifter
  1314 | D        | Killed an oklob plant
  1315 | D        | Reached XP level 10. HP: 53/53 MP: 8/11
  1316 | D        | Killed an oklob plant summoner
  1319 | D        | Killed an oklob plant shifter
  1320 | D        | Reached skill level 25 in Stealth
  1341 | D        | Learned a level 3 spell: Mephitic Cloud
  1343 | D        | Learned a level 1 spell: Magic Dart
  1345 | D        | Learned a level 1 spell: Foxfire
  1402 | D        | Noticed a spriggan rider
  1403 | D        | Found Gilijaz's Assorted Antiques.
  1408 | D        | Found Opuopi's Magic Scroll Shoppe.
  1410 | D        | Reached skill level 1 in Spellcasting
  1411 | D        | Killed a spriggan rider
  1412 | D        | Reached skill level 1 in Conjurations
  1412 | D        | Reached skill level 1 in Fire Magic
  1412 | D        | Reached skill level 1 in Air Magic
  1412 | D        | Reached skill level 1 in Poison Magic
  1412 | D        | Reached skill level 10 in Evocations
  1448 | D        | Bought a scroll of identify for 34 gold pieces
  1448 | D        | Bought a white potion for 15 gold pieces
  1448 | D        | Bought a scroll of identify for 34 gold pieces
  1448 | D        | Bought a fuming blue potion for 15 gold pieces
  1448 | D        | Bought a yellow potion for 15 gold pieces
  1453 | D        | Reached skill level 5 in Short Blades
  1453 | D        | Reached XP level 11. HP: 58/58 MP: 14/16
  1457 | D        | Bought 2 scrolls of acquirement for 1352 gold pieces
  1457 | D        | Bought a scroll of immolation for 45 gold pieces
  1462 | D        | Acquired a +5 quick blade
  1465 | D        | Acquired the +10 rapier "Qarchefu" {flame, *Slow rC+ rN+
                  | Dex+8}
  1484 | D        | Noticed Agnes
  1486 | D        | Found Xolujaho's Distillery.
  1486 | D        | Noticed a spriggan berserker
  1488 | D        | Found Tidiuptu's Book Shoppe.
  1506 | D        | Demolished by a spriggan berserker

Illustrated notes

Levels and vault maps discovered:
D:        dungeon_sprint_fedhas [sprint_temple]

Skill      XL: |  1  2  3  4  5  6  7  8  9 10 |
---------------+-------------------------------+-----
Dodging        | 2 3 4 5 7 9 11 | 11.6
Stealth        | 8 10 12 13 16 19 20 22 24 25 | 25.7
Fighting       | 2 3 4 5 6 7 |  7.4
Short Blades   | 3 4 5 |  5.1
Throwing       | 3 4 5 6 |  6.3
Evocations     | 1 3 4 6 8 10 | 10.4
Spellcasting   | 2 |  2.7
Conjurations   | 1 |  1.5
Fire Magic     | 1 |  1.8
Air Magic      | 1 |  1.9
Poison Magic   | 2 |  2.2
Slings         | |  0.8
Shields        | |  0.8

Action                   |  1- 3 |  4- 6 |  7- 9 | 10-12 || total
-------------------------+-------+-------+-------+-------++-------
Melee: Dagger            |     4 |    14 |    18 |     6 ||    42
       Rapier            |       |       |       |     4 ||     4
Throw: Dart              |       |    12 |       |       ||    12
 Abil: Evoke Invisibilit |       |     3 |     6 |     2 ||    11
  Use: Scroll            |       |     2 |       |     5 ||     7
       Potion            |       |       |       |     1 ||     1
 Stab: Sleeping          |     3 |     5 |    17 |     6 ||    31
       Invisible         |       |     1 |     1 |       ||     2
Dodge: Dodged            |     1 |     9 |       |     9 ||    19
Block: Buckler           |       |       |       |     4 ||     4
